Unix NetHack Version 3.7.0-53 Work-in-progress - last build Apr 1 2022 12:02:44 (7e311aa8f678825fd515f266b121b8a7a7199ace,branch:master). Game began 2022-04-01 16:48:33, ended 2022-04-01 17:31:47. lew, chaotic male human Wizard ----- #|)..| ------------- #|...| |............ # ##|...| |...........| ####..._| |............#0####|...u# ----------.-- [## #|...|# # # ###-----## ## ### ######## # ## # # ### # -------#### # |......## ### # 0 |.(...|####-.---##### |<....-####.^..-## ------- |)..| # |...-## |.{*| ----- Lew the Thaumaturge St:13 Dx:15 Co:16 In:18 Wi:10 Ch:9 Chaotic Dlvl:7 $:284 HP:0(44) Pw:55(55) AC:4 Xp:6/582 T:4245 Hungry Latest messages: You hit the dust vortex. You hit the dust vortex. You hit the dust vortex. You destroy the dust vortex! What do you want to wear? [bjDX or ?*] You are now wearing an opera cloak. You were wearing an uncursed +0 opera cloak. What do you want to wear? [bjDX or ?*] You finish your dressing maneuver. What do you want to wear? [bjD or ?*] You finish your dressing maneuver. You can see again. What do you want to wear? [bj or ?*] Suddenly you cannot see yourself. You are now wearing a cloak of invisibility. The white unicorn butts! The white unicorn misses! The white unicorn misses! The white unicorn just misses! Where do you want to jump? (For instructions type a '?') The white unicorn lunges wildly and misses! You see here a dagger. k - a dagger. The white unicorn butts! The white unicorn kicks! The white unicorn misses! The white unicorn misses! The white unicorn butts! The white unicorn kicks! A dagger lands on the altar. You are beginning to feel hungry. F - an uncursed dagger. Where do you want to travel to? (For instructions type a '?') The white unicorn butts! The white unicorn kicks! The white unicorn misses! The white unicorn kicks! The white unicorn butts! The white unicorn misses! Where do you want to jump? (For instructions type a '?') The white unicorn butts! You die... Do you want your possessions identified? [ynq] (y) Do you want to see your attributes? [ynq] (y) Do you want an account of creatures vanquished? [ynaq] (y) Do you want to see your conduct and achievements? [ynq] (y) Do you want to see the dungeon overview? [ynq] (y) Major events: Turn 1: lew the chaotic male human Wizard entered the dungeon 907: attained the rank of Conjurer (level 3) 1749: entered the Gnomish Mines 2806: attained the rank of Thaumaturge (level 6) 4245: killed by a white unicorn, while jumping around Inventory: Coins $ - 284 gold pieces Weapons I - 4 blessed +0 daggers (at the ready) F - 10 +0 daggers a - a blessed +1 quarterstaff (weapon in hands) Armor D - an uncursed +0 elven leather helm (being worn) X - an uncursed +0 pair of jumping boots (being worn) j - an uncursed +0 cloak of invisibility (being worn) b - an uncursed +0 cloak of magic resistance Y - an uncursed +0 studded leather armor (being worn) Comestibles T - an uncursed food ration S - an uncursed pancake J - an uncursed sprig of wolfsbane Q - 2 uncursed tripe rations Scrolls f - an uncursed scroll of amnesia C - an uncursed scroll of teleportation Spellbooks l - a blessed spellbook of force bolt m - an uncursed spellbook of protection Potions h - an uncursed potion of fruit juice g - an uncursed potion of speed Rings B - a cursed ring of conflict named !C E - an uncursed ring of hunger d - an uncursed ring of poison resistance (on right hand) e - an uncursed ring of teleport control Wands G - a wand of light (0:14) y - a wand of light (0:11) c - a wand of sleep (0:8) Tools z - an uncursed skeleton key Z - an uncursed tin opener v - an uncursed towel Lew the Wizard's attributes: Background: You were a Thaumaturge, a level 6 male human Wizard. You were chaotic, on a mission for Anhur who was opposed by Ptah (lawful) and Thoth (neutral). You were in the Dungeons of Doom, on level 7. You entered the dungeon 4245 turns ago. There was a new moon in effect when your adventure ended. You had 582 experience points, 58 more were needed to attain level 7. Basics: You had 0 out of 44 hit points. You had all 55 energy points (spell power). Your armor class was 4. Your wallet contained 284 zorkmids. Autopickup was on for '$!?' plus thrown. Final Characteristics: Your strength was 13 (limit:18/100). Your dexterity was 15 (peak:16, limit:18). Your constitution was 16 (limit:18). Your intelligence was 18 (limit:18). Your wisdom was 10 (limit:18). Your charisma was 9 (limit:18). Final Status: You were hungry. You were unencumbered. You were wielding a quarterstaff. You had basic skill with quarterstaff and could have enhanced that. Final Attributes: You were piously aligned. You were poison resistant. You were invisible. You could jump. You were warded. You are dead. Miscellaneous: You never encountered a bones level. Total elapsed playing time was 43 minutes and 12 seconds. Vanquished creatures: a leprechaun 2 gnome rulers a dingo 2 housecats a jaguar a dust vortex a raven a human zombie a mountain nymph an orc shaman a rock mole a shrieker a violet fungus 3 gnome leaders a black naga hatchling a ghoul a little dog 9 dwarves a homunculus a rabid rat a centipede an orc zombie a wererat 3 iguanas 4 coyotes a hobbit a large kobold 5 giant rats a yellow mold a green mold a red mold 26 gnomes 2 gnome zombies 3 jackals a fox 6 goblins 2 grid bugs 4 lichens 2 newts 98 creatures vanquished. No species were genocided or became extinct. Voluntary challenges: You read items or engraved 2 times. You never engraved Elbereth. You never genocided any monsters. You never polymorphed an object. You never changed form. You used no wishes. Achievements: You entered a shop. You attained the rank of Conjurer. You entered the Gnomish Mines. You attained the rank of Thaumaturge. The Dungeons of Doom: levels 1 to 7 Level 1: A fountain. Level 2: A scroll shop, a grave. Level 3: Level 4: Many fountains. Stairs down to The Gnomish Mines. Level 5: Level 6: Level 7: "stash" <- You were here. An altar, a fountain. Final resting place for you, killed by a white unicorn, while jumping around. The Gnomish Mines: levels 5 to 7 Level 5: Level 6: Level 7: Game over: ---------- / \ / REST \ / IN \ / PEACE \ / \ | lew | | 284 Au | | killed by a | | white unicorn | | | | | | 2022 | *| * * * | * _________)/\\_//(\/(/\)/\//\/|_)_______ Goodbye lew the Wizard... You died in The Dungeons of Doom on dungeon level 7 with 2894 points, and 284 pieces of gold, after 4245 moves. You were level 6 with a maximum of 44 hit points when you died.